[ AOE2 MATCH · #461007571 ]
UnrankedSpanish vs Wu
[ REPLAY ANALYSIS · EXTRACTED FROM THE RECORDED GAME ]
Feudal
12:10
Castle
15:40
Imperial
30:34
| APM avg | 39.6 |
| APM peak | 89 |
| eAPM avg | 23.3 |
| Villagers / military | 185 / 162 |
Focus
⚔️ 27.9% · 🌾 72.1%
Militia ×99 · Spearman ×46 · Missionary ×14 · Trebuchet (Packed) ×2 · Mangonel ×1
Feudal
11:26
Castle
15:21
Imperial
29:43
| APM avg | 24.7 |
| APM peak | 69 |
| eAPM avg | 13.2 |
| Villagers / military | 107 / 45 |
Focus
⚔️ 18.5% · 🌾 81.5%
Hand Cannoneer ×29 · Knight ×9 · Bombard Cannon ×3 · Monk ×2 · Hussite Wagon ×2
Feudal
11:47
Castle
15:17
Imperial
35:16
| APM avg | 35.1 |
| APM peak | 88 |
| eAPM avg | 24.3 |
| Villagers / military | 129 / 28 |
Focus
⚔️ 31.9% · 🌾 68.1%
Unknown (1974) ×126 · Spearman ×15 · Unknown (1942) ×8 · Battering Ram ×7 · Scorpion ×3 · Monk ×2
Feudal
11:21
Castle
14:33
Imperial
—
| APM avg | 26.5 |
| APM peak | 53 |
| eAPM avg | 13.4 |
| Villagers / military | 85 / 64 |
Focus
⚔️ 27.7% · 🌾 72.3%
Archer ×27 · Karambit Warrior ×22 · Scorpion ×14 · Spearman ×1
Feudal
11:21
Castle
14:51
Imperial
27:55
| APM avg | 40.6 |
| APM peak | 90 |
| eAPM avg | 30.1 |
| Villagers / military | 130 / 249 |
Focus
⚔️ 53.4% · 🌾 46.6%
Militia ×172 · Spearman ×32 · Scorpion ×20 · Battering Ram ×17 · Monk ×4 · Centurion ×3
Feudal
10:50
Castle
14:23
Imperial
26:53
| APM avg | 33.9 |
| APM peak | 81 |
| eAPM avg | 25.9 |
| Villagers / military | 142 / 305 |
Focus
⚔️ 25.4% · 🌾 74.6%
Spearman ×107 · Knight ×82 · Scout Cavalry ×51 · Hand Cannoneer ×49 · Bombard Cannon ×9 · Trebuchet (Packed) ×4
Feudal
11:47
Castle
16:07
Imperial
37:18
| APM avg | 26.5 |
| APM peak | 66 |
| eAPM avg | 17.5 |
| Villagers / military | 184 / 43 |
Focus
⚔️ 30.8% · 🌾 69.2%
Unknown (1952) ×49 · Unknown (1949) ×38 · Skirmisher ×20 · Mangonel ×8 · Battering Ram ×6 · Scout Cavalry ×6
Feudal
11:45
Castle
15:15
Imperial
44:12
| APM avg | 37.2 |
| APM peak | 74 |
| eAPM avg | 24.2 |
| Villagers / military | 180 / 107 |
Focus
⚔️ 27.3% · 🌾 72.7%
Skirmisher ×79 · Kipchak ×12 · Mangonel ×12 · Battering Ram ×3 · Petard ×1
Match map
Initial resources + every placement click. Lines = walls · curves = elevation contours. ◆ gold · ⬟ stone · ● berries · ✦ relic · ◌ wall gap
Your base· ✓ Closed at 15:40 · 0t walls · 2 gate(s)
kerwin's base· ✓ Closed at 15:21 · 0t walls · 3 gate(s)
WADE LIAO's base· ✓ Closed at 15:17 · 0t walls · 3 gate(s)
霧島君's base· ✓ Closed at 14:33 · 0t walls · 2 gate(s)
Rem.'s base· ✓ Closed at 14:51 · 0t walls · 2 gate(s)
Ace's base· ✓ Closed at 14:23 · 0t walls · 3 gate(s)
八府巡案包龍星's base· ✓ Closed at 16:07 · 0t walls · 3 gate(s)
CRYIN的好朋友's base· ✓ Closed at 15:15 · 0t walls · 2 gate(s)
Smoothed initial terrain · ◌ = detected wall gap · hover for details
Inputs per minute
— 网恋被骗500金 - - kerwin
Build order — 网恋被骗500金
First 150 of 439 actions detected
| 0:00 | Create | Villager (Male) |
| 0:00 | Create | Villager (Male) |
| 0:01 | Create | Villager (Male) |
| 0:02 | Build | House |
| 0:03 | Build | House |
| 0:09 | Create | Villager (Male) |
| 1:28 | Create | Villager (Male) |
| 1:48 | Create | Villager (Male) |
| 2:15 | Create | Villager (Male) |
| 2:15 | Create | Villager (Male) |
| 2:19 | Build | Lumber Camp |
| 2:47 | Create | Villager (Male) |
| 2:47 | Create | Villager (Male) |
| 3:13 | Create | Villager (Male) |
| 3:43 | Create | Villager (Male) |
| 3:43 | Create | Villager (Male) |
| 3:48 | Build | House |
| 3:49 | Build | House |
| 3:49 | Build | House |
| 3:50 | Create | Villager (Male) |
| 4:24 | Create | Villager (Male) |
| 4:25 | Create | Villager (Male) |
| 5:00 | Create | Villager (Male) |
| 5:12 | Build | Mill |
| 5:15 | Create | Villager (Male) |
| 5:15 | Create | Villager (Male) |
| 5:55 | Build | Mill |
| 5:57 | Create | Villager (Male) |
| 5:57 | Create | Villager (Male) |
| 6:06 | Create | Villager (Male) |
| 6:06 | Create | Villager (Male) |
| 6:12 | Create | Villager (Male) |
| 6:43 | Create | Villager (Male) |
| 6:43 | Create | Villager (Male) |
| 7:05 | Create | Villager (Male) |
| 7:06 | Create | Villager (Male) |
| 7:06 | Create | Villager (Male) |
| 7:08 | Build | Farm |
| 7:16 | Build | Farm |
| 8:01 | Create | Villager (Male) |
| 8:11 | Create | Villager (Male) |
| 8:18 | Build | Farm |
| 8:57 | Research | Feudal Age |
| 9:10 | Build | Lumber Camp |
| 10:08 | Build | Mining Camp |
| 10:36 | Create | Villager (Male) |
| 10:36 | Create | Villager (Male) |
| 12:10 | Age | Feudal Age |
| 12:12 | Build | Market |
| 12:13 | Build | Blacksmith |
| 12:22 | Research | Double-Bit Axe |
| 12:39 | Build | House |
| 12:56 | Build | House |
| 12:57 | Build | House |
| 12:59 | Research | Castle Age |
| 12:59 | Research | Castle Age |
| 13:04 | Research | Horse Collar |
| 13:36 | Build | House |
| 15:13 | Create | Villager (Male) |
| 15:40 | Age | Castle Age |
| 15:43 | Create | Villager (Male) |
| 15:49 | Build | Town Center |
| 16:01 | Build | Town Center |
| 16:05 | Create | Villager (Male) |
| 16:09 | Research | Bow Saw |
| 16:09 | Research | Bow Saw |
| 16:11 | Research | Heavy Plow |
| 16:11 | Research | Heavy Plow |
| 16:23 | Build | Town Center |
| 16:35 | Create | Villager (Male) |
| 16:57 | Create | Villager (Male) |
| 17:15 | Build | Farm |
| 17:15 | Build | Farm |
| 17:17 | Build | Farm |
| 17:17 | Build | Farm |
| 17:18 | Build | Farm |
| 17:19 | Create | Villager (Male) |
| 17:19 | Create | Villager (Male) |
| 17:22 | Build | Farm |
| 17:25 | Build | Farm |
| 17:29 | Create | Villager (Male) ×3 |
| 17:29 | Create | Villager (Male) ×3 |
| 17:33 | Build | Farm |
| 17:36 | Build | Farm |
| 17:39 | Create | Villager (Male) |
| 17:43 | Create | Villager (Male) ×2 |
| 17:50 | Build | Farm |
| 18:00 | Build | Farm |
| 18:02 | Build | Farm |
| 18:05 | Create | Villager (Male) |
| 18:12 | Build | Farm |
| 18:22 | Create | Villager (Male) |
| 18:22 | Create | Villager (Male) |
| 18:25 | Build | Farm |
| 18:28 | Build | Farm |
| 18:30 | Create | Villager (Male) |
| 18:33 | Build | Farm |
| 18:42 | Build | Farm |
| 18:46 | Create | Villager (Male) |
| 18:47 | Create | Villager (Male) |
| 18:48 | Build | Farm |
| 18:55 | Create | Villager (Male) |
| 18:58 | Build | Farm |
| 19:00 | Build | Farm |
| 19:01 | Create | Villager (Male) |
| 19:08 | Build | Farm |
| 19:10 | Create | Villager (Male) |
| 19:10 | Create | Villager (Male) |
| 19:13 | Build | Farm |
| 19:19 | Build | Farm |
| 19:21 | Create | Villager (Male) |
| 19:28 | Build | Farm |
| 19:30 | Create | Villager (Male) |
| 19:30 | Create | Villager (Male) |
| 19:35 | Create | Villager (Male) |
| 19:35 | Create | Villager (Male) |
| 19:41 | Build | Stone Wall |
| 19:43 | Create | Villager (Male) |
| 19:43 | Create | Villager (Male) |
| 19:44 | Create | Villager (Male) |
| 19:44 | Create | Villager (Male) |
| 19:52 | Build | Stone Wall |
| 19:53 | Create | Villager (Male) |
| 19:58 | Build | Farm |
| 19:59 | Create | Villager (Male) |
| 19:59 | Create | Villager (Male) |
| 20:08 | Build | Farm |
| 20:10 | Build | Farm |
| 20:13 | Build | Farm |
| 20:14 | Create | Villager (Male) |
| 20:14 | Create | Villager (Male) |
| 20:23 | Create | Villager (Male) |
| 20:24 | Create | Villager (Male) |
| 20:24 | Create | Villager (Male) |
| 20:30 | Build | House |
| 20:30 | Build | House |
| 20:31 | Build | House |
| 20:33 | Create | Villager (Male) |
| 20:33 | Create | Villager (Male) |
| 20:33 | Create | Villager (Male) |
| 20:36 | Build | Farm |
| 20:43 | Create | Villager (Male) |
| 20:44 | Create | Villager (Male) |
| 20:45 | Create | Villager (Male) |
| 20:51 | Create | Villager (Male) |
| 20:56 | Create | Villager (Male) |
| 21:04 | Build | Siege Workshop |
| 21:07 | Create | Villager (Male) |
| 21:07 | Create | Villager (Male) |
| 21:13 | Create | Villager (Male) |
Build order — kerwin
First 150 of 278 actions detected
| 0:02 | Create | Villager (Male) |
| 0:04 | Build | House |
| 0:05 | Build | House |
| 0:13 | Create | Villager (Male) |
| 0:13 | Create | Villager (Male) |
| 0:13 | Create | Villager (Male) |
| 1:42 | Create | Villager (Male) |
| 2:07 | Create | Villager (Male) |
| 2:10 | Build | Lumber Camp |
| 2:36 | Create | Villager (Male) |
| 2:36 | Create | Villager (Male) |
| 3:24 | Create | Villager (Male) |
| 3:25 | Create | Villager (Male) |
| 3:33 | Build | House |
| 3:33 | Build | House |
| 3:34 | Build | House |
| 4:09 | Create | Villager (Male) |
| 4:09 | Create | Villager (Male) |
| 4:37 | Build | Mill |
| 4:54 | Create | Villager (Male) |
| 4:55 | Create | Villager (Male) |
| 5:31 | Create | Villager (Male) |
| 5:53 | Build | Mill |
| 6:05 | Create | Villager (Male) |
| 6:38 | Create | Villager (Male) |
| 6:38 | Create | Villager (Male) |
| 6:38 | Create | Villager (Male) |
| 6:39 | Create | Villager (Male) |
| 6:55 | Create | Villager (Male) |
| 7:18 | Create | Villager (Male) |
| 7:56 | Create | Villager (Male) |
| 8:05 | Build | Mining Camp |
| 8:57 | Build | Farm |
| 8:57 | Build | Farm |
| 9:02 | Build | Farm |
| 9:05 | Research | Feudal Age |
| 9:58 | Create | Villager (Male) |
| 9:58 | Create | Villager (Male) |
| 10:31 | Build | Barracks |
| 11:26 | Age | Feudal Age |
| 11:30 | Build | Blacksmith |
| 11:34 | Build | Stable |
| 11:37 | Create | Villager (Male) |
| 12:06 | Build | House |
| 12:07 | Build | House |
| 12:27 | Research | Double-Bit Axe |
| 12:35 | Research | Castle Age |
| 12:36 | Research | Castle Age |
| 12:58 | Research | Horse Collar |
| 13:06 | Build | House |
| 13:36 | Build | Farm |
| 13:38 | Build | Farm |
| 13:39 | Build | Farm |
| 13:40 | Build | Farm |
| 13:53 | Create | Villager (Male) |
| 13:53 | Create | Villager (Male) |
| 15:21 | Age | Castle Age |
| 15:34 | Build | Town Center |
| 15:59 | Build | Town Center |
| 16:01 | Create | Villager (Male) |
| 16:04 | Research | Bow Saw |
| 16:04 | Research | Bow Saw |
| 16:20 | Research | Wheelbarrow |
| 16:21 | Research | Loom |
| 16:44 | Research | Heavy Plow |
| 16:54 | Create | Villager (Male) |
| 16:55 | Create | Villager (Male) |
| 17:07 | Create | Villager (Male) |
| 17:07 | Create | Villager (Male) |
| 17:14 | Build | House |
| 17:20 | Build | Monastery |
| 17:29 | Create | Villager (Male) |
| 17:29 | Create | Villager (Male) |
| 17:36 | Build | Farm |
| 17:42 | Create | Villager (Male) |
| 18:01 | Create | Villager (Male) |
| 18:06 | Build | Farm |
| 18:09 | Create | Monk |
| 18:09 | Create | Monk |
| 18:11 | Build | House |
| 18:15 | Build | Farm |
| 18:17 | Build | House |
| 18:18 | Build | House |
| 18:23 | Build | Farm |
| 18:23 | Build | Farm |
| 18:24 | Build | Farm |
| 18:27 | Create | Villager (Male) |
| 18:45 | Create | Villager (Male) |
| 18:45 | Create | Villager (Male) |
| 18:52 | Build | Mining Camp |
| 18:59 | Create | Villager (Male) |
| 18:59 | Create | Villager (Male) |
| 19:01 | Build | Farm |
| 19:02 | Build | Farm |
| 19:03 | Build | Farm |
| 19:13 | Create | Villager (Male) |
| 19:13 | Create | Villager (Male) |
| 19:24 | Build | Farm |
| 19:32 | Create | Knight |
| 19:54 | Create | Knight |
| 20:14 | Build | House |
| 20:14 | Build | House |
| 20:15 | Build | House |
| 20:15 | Build | House |
| 20:19 | Create | Villager (Male) |
| 20:20 | Create | Knight |
| 20:21 | Research | Forging |
| 20:37 | Build | Stable |
| 20:38 | Create | Villager (Male) |
| 20:43 | Build | Mill |
| 20:44 | Build | Farm |
| 20:45 | Build | Farm |
| 20:45 | Build | Farm |
| 20:46 | Build | Farm |
| 20:47 | Build | Farm |
| 20:48 | Build | Farm |
| 20:54 | Create | Villager (Male) |
| 20:54 | Create | Villager (Male) |
| 20:55 | Create | Villager (Male) |
| 21:19 | Create | Knight |
| 21:37 | Create | Villager (Male) |
| 21:37 | Create | Villager (Male) |
| 21:37 | Create | Villager (Male) |
| 21:37 | Create | Villager (Male) |
| 21:58 | Create | Villager (Male) |
| 21:59 | Create | Villager (Male) |
| 21:59 | Create | Villager (Male) |
| 21:59 | Create | Villager (Male) |
| 22:07 | Build | House |
| 22:08 | Build | House |
| 22:09 | Build | House |
| 22:18 | Create | Villager (Male) |
| 22:18 | Create | Villager (Male) |
| 22:18 | Create | Villager (Male) |
| 22:18 | Create | Villager (Male) |
| 22:33 | Build | House |
| 22:34 | Build | House |
| 22:34 | Build | House |
| 22:35 | Build | House |
| 22:35 | Build | House |
| 22:36 | Build | House |
| 22:37 | Build | House |
| 22:38 | Build | House |
| 22:40 | Create | Villager (Male) |
| 22:40 | Create | Villager (Male) |
| 22:40 | Create | Villager (Male) |
| 22:43 | Create | Knight |
| 22:43 | Create | Knight |
| 22:58 | Build | Farm |
| 22:59 | Build | Farm |
Build order — WADE LIAO
First 150 of 393 actions detected
| 0:00 | Create | Villager (Male) |
| 0:01 | Create | Villager (Male) |
| 0:01 | Create | Villager (Male) |
| 0:01 | Create | Villager (Male) |
| 0:02 | Build | House |
| 0:03 | Build | House |
| 1:33 | Create | Villager (Male) |
| 1:34 | Create | Villager (Male) |
| 1:59 | Build | Lumber Camp |
| 2:19 | Create | Villager (Male) |
| 2:57 | Create | Villager (Male) |
| 2:57 | Create | Villager (Male) |
| 3:43 | Create | Villager (Male) |
| 3:51 | Build | House |
| 3:53 | Build | House |
| 3:53 | Build | House |
| 3:58 | Create | Villager (Male) |
| 3:58 | Create | Villager (Male) |
| 4:29 | Build | Mill |
| 4:47 | Create | Villager (Male) |
| 4:47 | Create | Villager (Male) |
| 5:25 | Create | Villager (Male) |
| 5:41 | Create | Villager (Male) |
| 5:42 | Create | Villager (Male) |
| 5:42 | Create | Villager (Male) |
| 6:11 | Create | Villager (Male) |
| 6:25 | Create | Villager (Male) |
| 6:25 | Create | Villager (Male) |
| 6:44 | Create | Villager (Male) |
| 7:28 | Build | Mill |
| 8:15 | Create | Villager (Male) |
| 8:50 | Build | Farm |
| 8:52 | Build | Farm |
| 8:54 | Build | Farm |
| 9:22 | Research | Feudal Age |
| 9:29 | Build | Mining Camp |
| 10:32 | Create | Villager (Male) |
| 10:32 | Create | Villager (Male) |
| 11:47 | Age | Feudal Age |
| 11:48 | Build | Blacksmith |
| 11:51 | Build | Market |
| 12:03 | Research | Double-Bit Axe |
| 12:20 | Build | Lumber Camp |
| 12:36 | Research | Castle Age |
| 12:40 | Research | Horse Collar |
| 13:34 | Build | Barracks |
| 13:42 | Build | Farm |
| 14:11 | Build | House |
| 14:12 | Build | House |
| 14:25 | Create | Villager (Male) |
| 14:32 | Build | Farm |
| 14:33 | Build | Farm |
| 14:37 | Build | House |
| 14:38 | Build | House |
| 15:17 | Age | Castle Age |
| 15:22 | Build | Siege Workshop |
| 15:24 | Research | Bow Saw |
| 15:27 | Create | Villager (Male) |
| 15:29 | Research | Gold Mining |
| 15:38 | Build | Farm |
| 15:45 | Create | Villager (Male) |
| 15:46 | Create | Villager (Male) |
| 15:47 | Create | Unit 1974 |
| 15:48 | Create | Unit 1974 |
| 15:49 | Create | Unit 1974 |
| 16:07 | Create | Unit 1105 |
| 16:15 | Research | Scale Mail Armor |
| 16:18 | Build | Farm |
| 16:31 | Create | Unit 1974 |
| 16:31 | Research | Squires |
| 16:41 | Build | Farm |
| 16:46 | Create | Battering Ram |
| 16:51 | Create | Villager (Male) |
| 17:01 | Create | Unit 1974 |
| 17:04 | Build | Farm |
| 17:07 | Build | Farm |
| 17:32 | Create | Villager (Male) |
| 17:36 | Research | Chain Mail Armor |
| 17:45 | Build | Farm |
| 17:49 | Build | Farm |
| 17:53 | Create | Villager (Male) |
| 18:13 | Create | Battering Ram |
| 18:19 | Create | Villager (Male) |
| 18:32 | Research | Squires |
| 18:37 | Build | Farm |
| 18:42 | Create | Militia |
| 18:49 | Create | Battering Ram |
| 19:08 | Create | Villager (Male) |
| 19:14 | Create | Unit 1974 |
| 19:14 | Create | Unit 1974 |
| 19:51 | Create | Unit 1974 |
| 19:52 | Create | Villager (Male) |
| 19:53 | Create | Villager (Male) |
| 19:53 | Create | Villager (Male) |
| 20:28 | Build | Farm |
| 20:28 | Build | Farm |
| 20:29 | Build | Farm |
| 20:37 | Build | House |
| 20:37 | Build | House |
| 20:38 | Build | House |
| 20:38 | Build | House |
| 20:38 | Build | House |
| 20:40 | Build | Farm |
| 21:04 | Create | Unit 1974 |
| 21:11 | Create | Unit 1974 |
| 21:14 | Create | Villager (Male) |
| 21:15 | Create | Villager (Male) |
| 21:20 | Build | Monastery |
| 21:28 | Create | Spearman |
| 21:32 | Build | Barracks |
| 22:00 | Research | Pikeman (upgrade) |
| 22:00 | Research | Pikeman (upgrade) |
| 22:00 | Create | Spearman |
| 22:22 | Create | Villager (Male) |
| 22:22 | Create | Villager (Male) |
| 22:25 | Build | Town Center |
| 22:31 | Create | Spearman |
| 22:31 | Create | Unit 1974 |
| 22:39 | Create | Villager (Male) |
| 22:41 | Build | Farm |
| 22:48 | Research | Pikeman (upgrade) |
| 22:49 | Create | Spearman |
| 22:49 | Create | Spearman |
| 22:52 | Create | Monk |
| 22:58 | Create | Unit 1974 |
| 22:58 | Create | Spearman |
| 23:14 | Create | Villager (Male) |
| 23:17 | Create | Spearman |
| 23:17 | Create | Unit 1974 |
| 23:20 | Build | House |
| 23:27 | Build | Farm |
| 23:27 | Create | Villager (Male) |
| 23:27 | Create | Villager (Male) |
| 23:29 | Build | Farm |
| 23:29 | Build | Farm |
| 23:37 | Create | Villager (Male) |
| 23:41 | Create | Spearman |
| 23:41 | Create | Unit 1974 |
| 23:55 | Create | Battering Ram |
| 24:02 | Create | Unit 1974 |
| 24:02 | Create | Unit 1974 |
| 24:07 | Build | Farm |
| 24:21 | Research | Forging |
| 24:28 | Create | Spearman |
| 24:29 | Create | Unit 1974 |
| 24:29 | Create | Spearman |
| 24:35 | Create | Spearman |
| 24:35 | Create | Spearman |
| 24:44 | Create | Villager (Male) |
| 24:47 | Build | Farm |
Build order — 霧島君
First 150 of 231 actions detected
| 0:01 | Create | Villager (Male) |
| 0:02 | Create | Villager (Male) |
| 0:04 | Build | House |
| 0:07 | Build | House |
| 0:17 | Create | Villager (Male) |
| 0:27 | Create | Villager (Male) |
| 1:42 | Create | Villager (Male) |
| 1:47 | Create | Villager (Male) |
| 1:47 | Create | Villager (Male) |
| 2:23 | Build | Lumber Camp |
| 2:31 | Create | Villager (Male) |
| 2:56 | Create | Villager (Male) |
| 3:16 | Create | Villager (Male) |
| 3:28 | Build | House |
| 3:30 | Build | House |
| 3:43 | Create | Villager (Male) |
| 4:09 | Create | Villager (Male) |
| 4:27 | Create | Villager (Male) |
| 4:56 | Create | Villager (Male) |
| 5:07 | Build | Mill |
| 5:21 | Create | Villager (Male) |
| 5:35 | Build | House |
| 5:38 | Create | Villager (Male) |
| 6:08 | Create | Villager (Male) |
| 6:23 | Create | Villager (Male) |
| 6:54 | Create | Villager (Male) |
| 7:16 | Build | Mill |
| 7:21 | Create | Villager (Male) |
| 7:40 | Build | Mining Camp |
| 7:42 | Create | Villager (Male) |
| 8:11 | Create | Villager (Male) |
| 8:21 | Build | Farm |
| 8:25 | Build | Farm |
| 8:25 | Create | Villager (Male) |
| 8:32 | Create | Villager (Male) |
| 9:04 | Build | Farm |
| 9:06 | Create | Villager (Male) |
| 9:15 | Build | Farm |
| 9:53 | Research | Feudal Age |
| 10:11 | Build | Barracks |
| 10:49 | Build | House |
| 11:21 | Age | Feudal Age |
| 11:22 | Research | Wheelbarrow |
| 11:36 | Build | Archery Range |
| 12:21 | Build | Blacksmith |
| 12:34 | Create | Archer |
| 12:57 | Research | Castle Age |
| 12:58 | Research | Castle Age |
| 13:09 | Build | House |
| 13:10 | Build | House |
| 13:22 | Research | Double-Bit Axe |
| 13:27 | Create | Archer |
| 13:52 | Research | Horse Collar |
| 13:57 | Create | Archer |
| 14:08 | Create | Spearman |
| 14:25 | Research | Gold Mining |
| 14:33 | Age | Castle Age |
| 14:34 | Create | Archer |
| 14:37 | Create | Villager (Male) |
| 14:55 | Create | Archer |
| 14:59 | Create | Villager (Male) |
| 15:24 | Create | Villager (Male) |
| 15:42 | Create | Villager (Male) |
| 15:55 | Create | Villager (Male) |
| 16:02 | Build | Town Center |
| 16:19 | Create | Archer |
| 16:19 | Create | Archer |
| 16:22 | Create | Villager (Male) |
| 16:25 | Research | Heavy Plow |
| 16:46 | Create | Villager (Male) |
| 17:01 | Create | Archer |
| 17:10 | Build | Farm |
| 17:12 | Build | Farm |
| 17:13 | Create | Villager (Male) |
| 17:19 | Build | Farm |
| 17:22 | Build | Farm |
| 17:35 | Build | Outpost |
| 17:37 | Create | Villager (Male) |
| 17:44 | Build | House |
| 17:45 | Build | House |
| 17:47 | Create | Villager (Male) |
| 17:54 | Build | Farm |
| 17:59 | Build | Farm |
| 18:03 | Create | Villager (Male) |
| 18:08 | Create | Archer |
| 18:15 | Build | Farm |
| 18:28 | Create | Villager (Male) |
| 18:33 | Build | Farm |
| 18:35 | Build | Farm |
| 18:43 | Create | Villager (Male) |
| 18:58 | Build | Outpost |
| 19:05 | Create | Villager (Male) |
| 19:05 | Create | Villager (Male) |
| 19:08 | Build | Farm |
| 19:15 | Build | Farm |
| 19:16 | Build | Farm |
| 19:43 | Research | Fletching |
| 20:04 | Create | Villager (Male) |
| 20:05 | Create | Villager (Male) |
| 20:07 | Research | Loom |
| 20:11 | Build | Farm |
| 20:12 | Build | Farm |
| 20:41 | Create | Villager (Male) |
| 20:42 | Create | Villager (Male) |
| 21:01 | Create | Archer |
| 21:02 | Create | Archer |
| 21:09 | Create | Villager (Male) |
| 21:10 | Create | Villager (Male) |
| 21:22 | Build | Siege Workshop |
| 21:33 | Create | Villager (Male) |
| 21:33 | Create | Villager (Male) |
| 22:01 | Create | Villager (Male) |
| 22:01 | Create | Villager (Male) |
| 22:08 | Build | Siege Workshop |
| 22:15 | Create | Scorpion |
| 22:19 | Create | Villager (Male) |
| 22:19 | Create | Villager (Male) |
| 22:32 | Create | Villager (Male) |
| 22:33 | Create | Villager (Male) |
| 22:42 | Build | Stone Wall |
| 22:49 | Create | Villager (Male) |
| 22:58 | Build | Mining Camp |
| 23:05 | Build | House |
| 23:06 | Build | House |
| 23:35 | Build | Mill |
| 23:37 | Build | Farm |
| 23:38 | Build | Farm |
| 23:38 | Build | Farm |
| 23:39 | Build | Farm |
| 23:41 | Build | Farm |
| 23:58 | Build | Archery Range |
| 23:59 | Create | Villager (Male) |
| 24:00 | Create | Villager (Male) |
| 24:20 | Create | Villager (Male) |
| 24:21 | Create | Villager (Male) |
| 24:29 | Build | Farm |
| 24:30 | Build | Farm |
| 24:31 | Build | Farm |
| 24:37 | Build | University |
| 24:59 | Research | Crossbowman (upgrade) |
| 25:00 | Create | Villager (Male) |
| 25:00 | Create | Villager (Male) |
| 25:34 | Build | Castle |
| 25:42 | Create | Scorpion |
| 25:51 | Create | Villager (Male) |
| 25:52 | Create | Villager (Male) |
| 26:06 | Create | Scorpion |
| 26:07 | Create | Villager (Male) |
| 26:07 | Create | Villager (Male) |
| 26:20 | Create | Karambit Warrior |
Build order — Rem.
First 150 of 557 actions detected
| 0:01 | Create | Villager (Male) |
| 0:01 | Create | Villager (Male) |
| 0:02 | Build | House |
| 0:05 | Build | House |
| 0:06 | Build | House |
| 0:13 | Create | Villager (Male) |
| 0:13 | Create | Villager (Male) |
| 1:10 | Create | Villager (Male) |
| 1:40 | Create | Villager (Male) |
| 1:47 | Build | Lumber Camp |
| 2:25 | Create | Villager (Male) |
| 2:44 | Create | Villager (Male) |
| 2:44 | Create | Villager (Male) |
| 2:54 | Create | Villager (Male) |
| 2:55 | Create | Villager (Male) |
| 3:36 | Create | Villager (Male) |
| 3:49 | Build | House |
| 3:49 | Build | House |
| 3:50 | Build | House |
| 3:56 | Build | House |
| 3:58 | Create | Villager (Male) |
| 3:58 | Create | Villager (Male) |
| 4:18 | Build | Mill |
| 4:27 | Build | House |
| 4:41 | Create | Villager (Male) |
| 5:02 | Create | Villager (Male) |
| 5:39 | Create | Villager (Male) |
| 5:55 | Create | Villager (Male) |
| 5:59 | Build | Farm |
| 6:18 | Create | Villager (Male) |
| 6:19 | Build | Farm |
| 6:45 | Build | Farm |
| 7:02 | Create | Villager (Male) |
| 7:03 | Create | Villager (Male) |
| 7:27 | Build | Lumber Camp |
| 7:29 | Create | Villager (Male) |
| 7:29 | Create | Villager (Male) |
| 7:41 | Create | Villager (Male) |
| 7:52 | Create | Villager (Male) |
| 7:56 | Create | Villager (Male) |
| 8:50 | Build | Mining Camp |
| 8:54 | Research | Feudal Age |
| 9:22 | Create | Villager (Male) |
| 9:22 | Create | Villager (Male) |
| 10:02 | Create | Villager (Male) |
| 11:21 | Age | Feudal Age |
| 11:25 | Build | Market |
| 11:27 | Build | Blacksmith |
| 12:08 | Research | Double-Bit Axe |
| 12:08 | Research | Horse Collar |
| 12:11 | Research | Castle Age |
| 12:12 | Research | Castle Age |
| 12:20 | Build | House |
| 12:21 | Build | House |
| 12:21 | Build | House |
| 14:07 | Create | Villager (Male) |
| 14:25 | Build | Farm |
| 14:51 | Age | Castle Age |
| 14:51 | Create | Villager (Male) |
| 14:54 | Build | Town Center |
| 15:00 | Build | Town Center |
| 15:03 | Research | Bow Saw |
| 15:04 | Research | Heavy Plow |
| 15:05 | Create | Villager (Male) |
| 15:25 | Build | Farm |
| 15:51 | Create | Villager (Male) |
| 15:54 | Build | Monastery |
| 15:58 | Build | Farm |
| 15:59 | Build | Farm |
| 16:03 | Build | Farm |
| 16:04 | Build | Farm |
| 16:07 | Create | Villager (Male) |
| 16:15 | Build | Farm |
| 16:28 | Create | Villager (Male) |
| 16:30 | Create | Villager (Male) |
| 16:35 | Build | Farm |
| 16:42 | Create | Villager (Male) |
| 16:42 | Create | Villager (Male) |
| 16:43 | Create | Monk |
| 16:44 | Create | Monk |
| 16:52 | Create | Villager (Male) |
| 17:04 | Build | Farm |
| 17:06 | Create | Villager (Male) |
| 17:08 | Create | Villager (Male) |
| 17:11 | Build | Farm |
| 17:17 | Create | Villager (Male) |
| 17:20 | Build | House |
| 17:21 | Build | House |
| 17:23 | Create | Villager (Male) |
| 17:25 | Create | Villager (Male) |
| 17:32 | Build | Farm |
| 17:35 | Build | Farm |
| 17:36 | Build | Farm |
| 17:37 | Create | Monk |
| 17:47 | Create | Villager (Male) |
| 17:48 | Create | Villager (Male) |
| 17:51 | Build | Farm |
| 17:54 | Build | Farm |
| 17:59 | Create | Villager (Male) |
| 18:00 | Build | House |
| 18:12 | Create | Villager (Male) |
| 18:16 | Build | House |
| 18:19 | Build | Farm |
| 18:32 | Create | Villager (Male) |
| 18:34 | Build | House |
| 18:35 | Build | House |
| 18:46 | Create | Villager (Male) |
| 18:46 | Create | Villager (Male) |
| 18:47 | Create | Villager (Male) |
| 18:49 | Build | Farm |
| 18:57 | Research | Fervor |
| 19:01 | Create | Villager (Male) |
| 19:01 | Create | Villager (Male) |
| 19:08 | Build | Town Center |
| 19:15 | Create | Villager (Male) |
| 19:15 | Create | Villager (Male) |
| 19:19 | Build | House |
| 19:23 | Build | Farm |
| 19:27 | Build | Farm |
| 19:28 | Build | Farm |
| 19:31 | Create | Villager (Male) |
| 19:32 | Create | Villager (Male) |
| 19:36 | Create | Villager (Male) |
| 19:39 | Build | Farm |
| 19:44 | Build | House |
| 19:49 | Build | Farm |
| 19:56 | Create | Villager (Male) |
| 20:10 | Build | House |
| 20:15 | Research | Wheelbarrow |
| 20:16 | Create | Villager (Male) |
| 20:18 | Build | Farm |
| 20:21 | Build | Farm |
| 20:25 | Create | Villager (Male) |
| 20:27 | Build | House |
| 20:28 | Build | House |
| 20:36 | Build | Farm |
| 20:37 | Create | Villager (Male) |
| 20:37 | Create | Villager (Male) |
| 20:52 | Create | Villager (Male) |
| 20:52 | Create | Villager (Male) |
| 20:55 | Create | Villager (Male) |
| 20:55 | Create | Villager (Male) |
| 21:00 | Build | Farm |
| 21:02 | Build | Farm |
| 21:04 | Build | Farm |
| 21:05 | Create | Villager (Male) |
| 21:09 | Build | Farm |
| 21:11 | Create | Villager (Male) |
| 21:11 | Research | Loom |
| 21:13 | Build | House |
Build order — Ace
First 150 of 525 actions detected
| 0:00 | Create | Villager (Male) |
| 0:01 | Create | Villager (Male) |
| 0:02 | Build | House |
| 0:05 | Build | House |
| 0:12 | Create | Villager (Male) |
| 0:27 | Create | Villager (Male) |
| 0:27 | Create | Villager (Male) |
| 1:22 | Create | Villager (Male) |
| 2:07 | Build | Lumber Camp |
| 2:16 | Create | Villager (Male) |
| 2:17 | Create | Villager (Male) |
| 2:24 | Create | Villager (Male) |
| 2:24 | Create | Villager (Male) |
| 3:01 | Create | Villager (Male) |
| 3:01 | Create | Villager (Male) |
| 3:25 | Build | House |
| 3:26 | Build | House |
| 3:27 | Build | House |
| 4:00 | Create | Villager (Male) |
| 4:00 | Create | Villager (Male) |
| 4:13 | Create | Villager (Male) |
| 4:20 | Create | Villager (Male) |
| 4:20 | Create | Villager (Male) |
| 4:58 | Create | Villager (Male) |
| 5:30 | Create | Villager (Male) |
| 5:38 | Create | Villager (Male) |
| 5:51 | Build | Mill |
| 6:23 | Build | Farm |
| 6:26 | Build | Farm |
| 6:44 | Create | Villager (Male) |
| 6:57 | Create | Villager (Male) |
| 7:18 | Build | Lumber Camp |
| 7:40 | Create | Villager (Male) |
| 7:40 | Create | Villager (Male) |
| 8:13 | Research | Feudal Age |
| 8:25 | Build | Mining Camp |
| 8:44 | Build | Farm |
| 9:03 | Build | Farm |
| 9:08 | Create | Villager (Male) |
| 9:08 | Create | Villager (Male) |
| 10:50 | Age | Feudal Age |
| 10:51 | Create | Villager (Male) |
| 10:55 | Build | Market |
| 10:58 | Build | Blacksmith |
| 11:18 | Build | House |
| 11:20 | Build | House |
| 11:21 | Build | House |
| 11:22 | Build | House |
| 11:50 | Research | Castle Age |
| 11:54 | Research | Double-Bit Axe |
| 12:15 | Research | Horse Collar |
| 12:35 | Build | Farm |
| 13:18 | Create | Villager (Male) |
| 13:19 | Create | Villager (Male) |
| 14:23 | Age | Castle Age |
| 14:31 | Build | Town Center |
| 14:36 | Build | Town Center |
| 14:49 | Research | Bow Saw |
| 15:25 | Create | Villager (Male) |
| 15:25 | Create | Villager (Male) |
| 15:25 | Create | Villager (Male) |
| 16:05 | Create | Villager (Male) |
| 16:05 | Create | Villager (Male) |
| 16:15 | Create | Villager (Male) |
| 16:15 | Create | Villager (Male) |
| 16:19 | Build | Farm |
| 16:20 | Research | Heavy Plow |
| 16:22 | Build | Farm |
| 16:25 | Build | Farm |
| 16:27 | Create | Villager (Male) |
| 16:30 | Build | Monastery |
| 16:32 | Create | Villager (Male) |
| 16:32 | Create | Villager (Male) |
| 16:32 | Create | Villager (Male) |
| 16:36 | Build | Farm |
| 16:43 | Create | Villager (Male) |
| 17:07 | Build | Farm |
| 17:10 | Build | Farm |
| 17:12 | Build | Farm |
| 17:15 | Build | Farm |
| 17:18 | Build | Farm |
| 17:19 | Create | Villager (Male) |
| 17:21 | Build | Farm |
| 17:25 | Build | Farm |
| 17:27 | Create | Monk |
| 17:31 | Build | Farm |
| 17:35 | Build | Farm |
| 17:38 | Build | Farm |
| 17:41 | Build | Farm |
| 17:41 | Create | Villager (Male) |
| 17:44 | Build | Farm |
| 17:50 | Build | Farm |
| 17:54 | Create | Villager (Male) |
| 17:56 | Build | Farm |
| 18:04 | Build | Farm |
| 18:09 | Build | Farm |
| 18:09 | Create | Villager (Male) |
| 18:14 | Build | Farm |
| 18:15 | Create | Villager (Male) |
| 18:18 | Build | Farm |
| 18:19 | Build | Farm |
| 18:19 | Build | Farm |
| 18:19 | Build | Farm |
| 18:21 | Build | Farm |
| 18:22 | Create | Villager (Male) |
| 18:26 | Create | Villager (Male) |
| 18:30 | Build | House |
| 18:31 | Build | House |
| 18:32 | Build | House |
| 18:33 | Build | House |
| 18:37 | Build | House |
| 18:38 | Create | Villager (Male) |
| 18:50 | Create | Villager (Male) |
| 18:51 | Create | Villager (Male) |
| 18:53 | Build | Farm |
| 18:54 | Create | Monk |
| 19:14 | Create | Villager (Male) |
| 19:14 | Create | Villager (Male) |
| 19:15 | Create | Villager (Male) |
| 19:15 | Create | Villager (Male) |
| 19:21 | Build | Farm |
| 19:24 | Build | Farm |
| 19:25 | Create | Villager (Male) |
| 19:25 | Create | Villager (Male) |
| 19:27 | Build | Farm |
| 19:30 | Build | Farm |
| 19:32 | Build | Farm |
| 19:35 | Create | Villager (Male) |
| 19:36 | Create | Villager (Male) |
| 19:54 | Research | Wheelbarrow |
| 19:54 | Research | Wheelbarrow |
| 20:01 | Build | House |
| 20:02 | Build | House |
| 20:03 | Build | House |
| 20:04 | Create | Villager (Male) |
| 20:04 | Create | Villager (Male) |
| 20:07 | Create | Villager (Male) |
| 20:12 | Build | Farm |
| 20:15 | Build | Farm |
| 20:16 | Create | Villager (Male) |
| 20:23 | Build | Farm |
| 20:27 | Build | Farm |
| 20:30 | Build | Farm |
| 20:31 | Create | Villager (Male) |
| 20:31 | Create | Villager (Male) |
| 20:31 | Create | Villager (Male) |
| 20:40 | Build | Farm |
| 20:40 | Create | Villager (Male) |
| 20:41 | Create | Villager (Male) |
| 20:44 | Create | Villager (Male) |
Build order — 八府巡案包龍星
First 150 of 398 actions detected
| 0:00 | Create | Villager (Male) |
| 0:01 | Create | Villager (Male) |
| 0:01 | Create | Villager (Male) |
| 0:01 | Create | Villager (Male) |
| 0:04 | Build | House |
| 0:06 | Build | House |
| 0:22 | Build | House |
| 1:40 | Create | Villager (Male) |
| 1:59 | Create | Villager (Male) |
| 2:10 | Build | Lumber Camp |
| 2:29 | Create | Villager (Male) |
| 2:38 | Create | Villager (Male) |
| 2:38 | Create | Villager (Male) |
| 3:07 | Create | Villager (Male) |
| 3:07 | Create | Villager (Male) |
| 3:31 | Create | Villager (Male) |
| 4:01 | Create | Villager (Male) |
| 4:02 | Create | Villager (Male) |
| 4:10 | Create | Villager (Male) |
| 4:27 | Create | Villager (Male) |
| 4:57 | Create | Villager (Male) |
| 4:57 | Create | Villager (Male) |
| 5:08 | Build | House |
| 5:09 | Build | House |
| 5:18 | Build | House |
| 5:36 | Create | Villager (Male) |
| 5:36 | Create | Villager (Male) |
| 5:36 | Create | Villager (Male) |
| 6:12 | Create | Villager (Male) |
| 6:53 | Build | Mill |
| 7:05 | Create | Villager (Male) |
| 7:05 | Create | Villager (Male) |
| 8:00 | Create | Villager (Male) |
| 8:00 | Create | Villager (Male) |
| 8:01 | Create | Villager (Male) |
| 8:28 | Build | Mill |
| 8:37 | Build | Mill |
| 8:55 | Build | Mining Camp |
| 9:15 | Research | Feudal Age |
| 9:32 | Build | Farm |
| 10:13 | Build | Farm |
| 10:20 | Build | Farm |
| 10:21 | Build | Farm |
| 11:47 | Create | Villager (Male) |
| 11:47 | Create | Villager (Male) |
| 11:47 | Age | Feudal Age |
| 12:00 | Build | Blacksmith |
| 12:08 | Build | Barracks |
| 12:21 | Create | Villager (Male) |
| 12:21 | Research | Loom |
| 12:46 | Create | Villager (Male) |
| 12:55 | Build | Stable |
| 13:15 | Research | Double-Bit Axe |
| 13:20 | Build | House |
| 13:21 | Build | House |
| 13:22 | Research | Castle Age |
| 14:05 | Build | House |
| 14:06 | Build | House |
| 14:10 | Create | Scout Cavalry |
| 14:14 | Research | Horse Collar |
| 14:35 | Build | Outpost |
| 14:53 | Build | Lumber Camp |
| 15:13 | Create | Scout Cavalry ×4 |
| 15:28 | Create | Militia |
| 15:29 | Create | Militia |
| 15:29 | Create | Militia |
| 15:40 | Build | Stable |
| 16:07 | Age | Castle Age |
| 16:11 | Create | Unit 1944 |
| 16:11 | Create | Unit 1944 |
| 16:24 | Build | Farm |
| 16:30 | Build | Siege Workshop |
| 16:41 | Create | Unit 1944 |
| 16:41 | Create | Unit 1944 |
| 16:51 | Build | Watch Tower |
| 17:24 | Create | Villager (Male) |
| 17:24 | Create | Villager (Male) |
| 17:26 | Create | Battering Ram |
| 17:27 | Create | Battering Ram |
| 17:27 | Create | Battering Ram |
| 17:38 | Create | Villager (Male) |
| 17:39 | Create | Villager (Male) |
| 17:41 | Build | Mining Camp |
| 17:45 | Create | Villager (Male) |
| 17:45 | Create | Villager (Male) |
| 18:08 | Create | Battering Ram |
| 18:08 | Create | Battering Ram |
| 18:17 | Build | Stone Wall |
| 18:25 | Build | House |
| 18:26 | Build | House |
| 18:28 | Build | House |
| 18:32 | Create | Villager (Male) |
| 18:32 | Create | Villager (Male) |
| 18:57 | Create | Villager (Male) |
| 18:58 | Create | Villager (Male) |
| 19:03 | Build | Town Center |
| 19:26 | Create | Villager (Male) |
| 19:30 | Build | Outpost |
| 19:44 | Create | Mangonel |
| 20:06 | Build | Outpost |
| 20:09 | Research | Town Watch |
| 20:27 | Build | Farm |
| 20:32 | Build | Farm |
| 20:34 | Create | Villager (Male) |
| 20:34 | Create | Villager (Male) |
| 21:02 | Build | Farm |
| 21:02 | Create | Villager (Male) |
| 21:27 | Create | Villager (Male) |
| 21:28 | Create | Villager (Male) |
| 21:30 | Create | Battering Ram |
| 21:35 | Build | Farm |
| 21:36 | Build | Farm |
| 21:38 | Build | Farm |
| 21:54 | Create | Villager (Male) |
| 22:18 | Create | Villager (Male) |
| 22:22 | Build | Farm |
| 22:28 | Build | Town Center |
| 22:31 | Create | Villager (Male) |
| 22:53 | Create | Unit 1944 |
| 22:57 | Create | Villager (Male) |
| 22:58 | Create | Villager (Male) |
| 23:16 | Create | Villager (Male) |
| 23:21 | Create | Villager (Male) |
| 23:36 | Create | Villager (Male) |
| 23:42 | Build | Farm |
| 23:43 | Build | Farm |
| 23:43 | Build | Farm |
| 23:43 | Build | Farm |
| 23:43 | Build | Farm |
| 24:15 | Create | Villager (Male) |
| 24:15 | Create | Villager (Male) |
| 24:18 | Create | Villager (Male) |
| 24:18 | Create | Villager (Male) |
| 24:35 | Create | Villager (Male) |
| 24:36 | Create | Villager (Male) |
| 24:45 | Create | Villager (Male) |
| 24:51 | Create | Mangonel |
| 25:15 | Create | Villager (Male) |
| 25:15 | Create | Villager (Male) |
| 25:16 | Create | Villager (Male) |
| 25:16 | Create | Villager (Male) |
| 25:22 | Build | Farm |
| 25:22 | Build | Farm |
| 25:22 | Build | Farm |
| 25:22 | Build | Farm |
| 25:23 | Build | Farm |
| 25:56 | Create | Mangonel |
| 26:07 | Create | Villager (Male) |
| 26:07 | Create | Villager (Male) |
| 26:09 | Build | Mill |
Build order — CRYIN的好朋友
First 150 of 464 actions detected
| 0:00 | Create | Villager (Male) |
| 0:00 | Create | Villager (Male) |
| 0:01 | Create | Villager (Male) |
| 0:01 | Create | Villager (Male) |
| 0:02 | Build | House |
| 0:04 | Build | House |
| 1:23 | Create | Villager (Male) |
| 1:42 | Build | Lumber Camp |
| 1:45 | Create | Villager (Male) |
| 2:17 | Create | Villager (Male) |
| 2:46 | Create | Villager (Male) |
| 2:46 | Create | Villager (Male) |
| 3:36 | Create | Villager (Male) |
| 3:36 | Create | Villager (Male) |
| 3:51 | Build | House |
| 3:51 | Build | House |
| 3:52 | Build | House |
| 4:03 | Create | Villager (Male) |
| 4:28 | Create | Villager (Male) |
| 4:29 | Create | Villager (Male) |
| 4:41 | Build | Mill |
| 5:23 | Create | Villager (Male) |
| 5:30 | Create | Villager (Male) |
| 5:30 | Create | Villager (Male) |
| 5:33 | Create | Villager (Male) |
| 6:09 | Create | Villager (Male) |
| 6:10 | Create | Villager (Male) |
| 6:10 | Create | Villager (Male) |
| 6:47 | Build | Mill |
| 7:02 | Create | Villager (Male) |
| 7:02 | Create | Villager (Male) |
| 7:02 | Create | Villager (Male) |
| 7:02 | Create | Villager (Male) |
| 7:14 | Build | Mill |
| 8:23 | Build | Mining Camp |
| 8:56 | Research | Feudal Age |
| 9:33 | Build | Mining Camp |
| 9:41 | Create | Villager (Male) |
| 9:41 | Create | Villager (Male) |
| 10:08 | Create | Villager (Male) |
| 10:09 | Create | Villager (Male) |
| 11:45 | Age | Feudal Age |
| 11:47 | Build | Market |
| 11:49 | Build | Blacksmith |
| 11:52 | Research | Loom |
| 12:34 | Research | Castle Age |
| 12:38 | Research | Horse Collar |
| 12:39 | Research | Double-Bit Axe |
| 12:48 | Build | Lumber Camp |
| 14:37 | Build | Farm |
| 14:38 | Build | Farm |
| 14:38 | Build | Farm |
| 14:38 | Build | Farm |
| 14:38 | Build | Farm |
| 14:39 | Build | Farm |
| 14:39 | Build | Farm |
| 14:39 | Build | Farm |
| 14:55 | Build | Farm |
| 14:58 | Create | Villager (Male) |
| 15:04 | Build | House |
| 15:07 | Build | House |
| 15:15 | Age | Castle Age |
| 16:06 | Build | Castle |
| 16:10 | Build | Palisade Wall |
| 16:19 | Build | Palisade Wall |
| 16:20 | Build | Palisade Wall |
| 16:48 | Create | Villager (Male) |
| 16:49 | Research | Fletching |
| 16:49 | Research | Fletching |
| 16:58 | Create | Villager (Male) |
| 17:04 | Build | Farm |
| 17:32 | Create | Kipchak |
| 17:35 | Build | Siege Workshop |
| 17:45 | Create | Kipchak |
| 17:47 | Research | Bodkin Arrow |
| 17:48 | Create | Villager (Male) |
| 18:13 | Create | Villager (Male) |
| 18:16 | Create | Kipchak |
| 18:16 | Create | Kipchak |
| 18:37 | Create | Villager (Male) |
| 18:46 | Create | Battering Ram |
| 19:15 | Create | Petard |
| 19:21 | Create | Battering Ram |
| 19:24 | Create | Kipchak |
| 19:24 | Create | Villager (Male) |
| 19:43 | Build | Barracks |
| 19:44 | Create | Villager (Male) |
| 19:48 | Create | Kipchak |
| 20:07 | Create | Battering Ram |
| 20:16 | Create | Kipchak |
| 20:29 | Create | Kipchak |
| 20:30 | Create | Villager (Male) |
| 20:46 | Build | Stable |
| 20:47 | Create | Kipchak |
| 20:48 | Create | Villager (Male) |
| 21:08 | Create | Kipchak |
| 21:10 | Research | Padded Archer Armor |
| 21:46 | Create | Kipchak |
| 22:40 | Create | Kipchak |
| 22:42 | Create | Mangonel |
| 23:00 | Create | Villager (Male) |
| 23:02 | Build | Siege Workshop |
| 23:33 | Create | Villager (Male) |
| 23:43 | Create | Mangonel |
| 23:46 | Build | House |
| 23:47 | Build | House |
| 24:05 | Create | Mangonel |
| 24:21 | Build | House |
| 24:24 | Build | House |
| 24:26 | Build | Palisade Wall |
| 24:28 | Build | Palisade Wall |
| 24:30 | Build | Mill |
| 24:34 | Build | Palisade Wall |
| 24:38 | Build | Palisade Wall |
| 24:40 | Create | Villager (Male) |
| 24:44 | Create | Villager (Male) |
| 24:58 | Create | Villager (Male) |
| 25:46 | Create | Villager (Male) |
| 25:54 | Create | Villager (Male) |
| 25:58 | Build | Palisade Wall |
| 26:01 | Build | Palisade Wall |
| 26:03 | Build | Palisade Wall |
| 26:05 | Build | Palisade Wall |
| 26:09 | Build | Palisade Wall |
| 26:10 | Build | Palisade Wall |
| 26:15 | Build | Palisade Wall |
| 26:21 | Build | Palisade Wall |
| 26:23 | Build | Palisade Wall |
| 26:27 | Create | Mangonel |
| 26:28 | Create | Villager (Male) |
| 26:30 | Build | Palisade Wall |
| 26:31 | Build | Palisade Wall |
| 26:49 | Create | Mangonel |
| 26:54 | Create | Villager (Male) |
| 27:05 | Create | Villager (Male) |
| 27:23 | Create | Villager (Male) |
| 27:31 | Build | Town Center |
| 27:33 | Create | Villager (Male) |
| 27:55 | Create | Villager (Male) |
| 28:08 | Create | Villager (Male) |
| 28:08 | Create | Villager (Male) |
| 28:17 | Build | Palisade Gate |
| 28:39 | Build | Farm |
| 28:41 | Create | Villager (Male) |
| 28:43 | Build | Farm |
| 29:11 | Build | Town Center |
| 29:24 | Build | Farm |
| 29:28 | Create | Villager (Male) |
| 29:28 | Create | Villager (Male) |
| 29:45 | Create | Villager (Male) |
Match timeline
| 10:11 | 霧島君 · first_building Barracks |
| 10:31 | kerwin · first_building Barracks |
| 10:50 | Ace · age_up feudal |
| 11:21 | 霧島君 · age_up feudal |
| 11:21 | Rem. · age_up feudal |
| 11:26 | kerwin · age_up feudal |
| 11:34 | kerwin · first_building Stable |
| 11:36 | 霧島君 · first_building Archery Range |
| 11:45 | CRYIN的好朋友 · age_up feudal |
| 11:47 | WADE LIAO · age_up feudal |
| 11:47 | 八府巡案包龍星 · age_up feudal |
| 12:08 | 八府巡案包龍星 · first_building Barracks |
| 12:10 | 网恋被骗500金 · age_up feudal |
| 12:55 | 八府巡案包龍星 · first_building Stable |
| 13:34 | WADE LIAO · first_building Barracks |
| 14:23 | Ace · age_up castle |
| 14:33 | 霧島君 · age_up castle |
| 14:51 | Rem. · age_up castle |
| 15:15 | CRYIN的好朋友 · age_up castle |
| 15:17 | WADE LIAO · age_up castle |
| 15:21 | kerwin · age_up castle |
| 15:22 | WADE LIAO · first_building Siege Workshop |
| 15:40 | 网恋被骗500金 · age_up castle |
| 15:54 | Rem. · first_building Monastery |
| 16:06 | CRYIN的好朋友 · first_building Castle |
| 16:07 | 网恋被骗500金 · first_market_buy 100 stone |
| 16:07 | 八府巡案包龍星 · age_up castle |
| 16:10 | CRYIN的好朋友 · wall_segment Palisade Wall x1 |
| 16:11 | Rem. · first_market_buy 100 food |
| 16:19 | CRYIN的好朋友 · wall_segment Palisade Wall x1 |
| 16:20 | CRYIN的好朋友 · wall_segment Palisade Wall x1 |
| 16:30 | Ace · first_building Monastery |
| 16:30 | 八府巡案包龍星 · first_building Siege Workshop |
| 17:20 | kerwin · first_building Monastery |
| 17:35 | CRYIN的好朋友 · first_building Siege Workshop |
| 18:17 | 八府巡案包龍星 · wall_segment Stone Wall x5 |
| 19:41 | 网恋被骗500金 · wall_segment Stone Wall x5 |
| 19:43 | CRYIN的好朋友 · first_building Barracks |
| 19:52 | 网恋被骗500金 · wall_segment Stone Wall x4 |
| 20:46 | CRYIN的好朋友 · first_building Stable |
| 21:04 | 网恋被骗500金 · first_building Siege Workshop |
| 21:20 | WADE LIAO · first_building Monastery |
| 21:22 | 霧島君 · first_building Siege Workshop |
| 22:21 | 网恋被骗500金 · first_building Barracks |
| 22:42 | 霧島君 · wall_segment Stone Wall x1 |
| 23:11 | Rem. · first_building Barracks |
| 23:45 | Ace · first_market_sell 100 food |
| 23:51 | WADE LIAO · first_market_buy 100 wood |
| 23:53 | 网恋被骗500金 · wall_segment Stone Wall x1 |
| 24:26 | CRYIN的好朋友 · wall_segment Palisade Wall x4 |
| 24:28 | CRYIN的好朋友 · wall_segment Palisade Wall x1 |
| 24:30 | Ace · first_building Barracks |
| 24:34 | CRYIN的好朋友 · wall_segment Palisade Wall x2 |
| 24:38 | CRYIN的好朋友 · wall_segment Palisade Wall x6 |
| 24:49 | 网恋被骗500金 · first_building Castle |
| 25:34 | 霧島君 · first_building Castle |
| 25:58 | CRYIN的好朋友 · wall_segment Palisade Wall x1 |
| 26:01 | CRYIN的好朋友 · wall_segment Palisade Wall x1 |
| 26:03 | CRYIN的好朋友 · wall_segment Palisade Wall x1 |
| 26:05 | CRYIN的好朋友 · wall_segment Palisade Wall x1 |
| 26:09 | CRYIN的好朋友 · wall_segment Palisade Wall x1 |
| 26:10 | CRYIN的好朋友 · wall_segment Palisade Wall x1 |
| 26:15 | CRYIN的好朋友 · wall_segment Palisade Wall x1 |
| 26:21 | CRYIN的好朋友 · wall_segment Palisade Wall x1 |
| 26:23 | CRYIN的好朋友 · wall_segment Palisade Wall x1 |
| 26:30 | CRYIN的好朋友 · wall_segment Palisade Wall x1 |
| 26:31 | CRYIN的好朋友 · wall_segment Palisade Wall x1 |
| 26:40 | Ace · first_building Castle |
| 26:49 | Ace · wall_segment Stone Wall x1 |
| 26:53 | Ace · age_up imperial |
| 27:22 | 网恋被骗500金 · first_market_sell 100 wood |
| 27:22 | Ace · first_building Stable |
| 27:28 | Rem. · first_building Castle |
| 27:30 | Rem. · first_building Siege Workshop |
| 27:34 | 网恋被骗500金 · first_building Monastery |
| 27:55 | Rem. · age_up imperial |
| 28:14 | kerwin · first_building Archery Range |
| 28:55 | 八府巡案包龍星 · wall_segment Stone Wall x1 |
| 28:55 | 八府巡案包龍星 · wall_segment Stone Wall x1 |
| 28:56 | 八府巡案包龍星 · wall_segment Stone Wall x1 |
| 28:57 | 八府巡案包龍星 · wall_segment Stone Wall x1 |
| 29:09 | CRYIN的好朋友 · first_market_buy 100 wood |
| 29:32 | 网恋被骗500金 · first_building Stable |
| 29:43 | kerwin · age_up imperial |
| 29:47 | Ace · first_building Archery Range |
| 29:57 | kerwin · first_building Siege Workshop |
| 30:34 | 网恋被骗500金 · age_up imperial |
| 31:00 | kerwin · first_building Castle |
| 31:11 | 八府巡案包龍星 · first_building Archery Range |
| 33:17 | Ace · first_building Siege Workshop |
| 33:24 | WADE LIAO · first_market_sell 100 food |
| 33:56 | kerwin · resign |
| 34:07 | 八府巡案包龍星 · first_market_sell 100 food |
| 34:24 | 八府巡案包龍星 · wall_segment Stone Wall x3 |
| 34:39 | 霧島君 · first_market_sell 100 food |
| 34:51 | Rem. · first_market_sell 500 wood |
| 34:55 | 八府巡案包龍星 · wall_segment Stone Wall x4 |
| 34:57 | 八府巡案包龍星 · wall_segment Stone Wall x4 |
| 35:16 | WADE LIAO · age_up imperial |
| 35:39 | 八府巡案包龍星 · wall_segment Stone Wall x2 |
| 35:39 | 八府巡案包龍星 · wall_segment Stone Wall x1 |
| 35:44 | 八府巡案包龍星 · wall_segment Stone Wall x1 |
| 36:04 | 八府巡案包龍星 · first_building Castle |
| 37:18 | 八府巡案包龍星 · age_up imperial |
| 37:53 | CRYIN的好朋友 · first_building Archery Range |
| 37:59 | Ace · first_market_buy 100 stone |
| 38:50 | 八府巡案包龍星 · first_market_buy 100 wood |
| 39:45 | 网恋被骗500金 · tribute_sent a jugador 1 |
| 39:45 | 网恋被骗500金 · tribute_sent a jugador 2 |
| 39:45 | 网恋被骗500金 · tribute_sent a jugador 3 |
| 39:45 | 网恋被骗500金 · tribute_sent a jugador 4 |
| 39:45 | 网恋被骗500金 · tribute_sent a jugador 6 |
| 39:45 | 网恋被骗500金 · tribute_sent a jugador 7 |
| 39:45 | 网恋被骗500金 · tribute_sent a jugador 8 |
| 40:09 | 八府巡案包龍星 · wall_segment Stone Wall x1 |
| 40:10 | 八府巡案包龍星 · wall_segment Stone Wall x1 |
| 40:28 | CRYIN的好朋友 · first_building Monastery |
| 41:32 | 网恋被骗500金 · wall_segment Palisade Wall x17 |
| 42:06 | 八府巡案包龍星 · wall_segment Stone Wall x1 |
| 42:08 | 八府巡案包龍星 · wall_segment Stone Wall x3 |
| 42:15 | 网恋被骗500金 · wall_segment Palisade Wall x1 |
| 44:12 | CRYIN的好朋友 · age_up imperial |
[ AI ANALYSIS · 1 CREDIT ]
What really happened in this match?
Wolo.gg analyzes every decision: build order, eco, micro, common mistakes by bracket. Personalized analysis on WhatsApp or Discord in 30 seconds.
Civ guide
Spanish
Perfil
Jugador #22305201